 Dungeon Crawl Stone Soup version 0.28.0 (webtiles) character file.

Game seed: 1474292702943440630

24 Spectrina the Gusty (level 2, -1/11 HPs)
             Began as a Felid Air Elementalist on Feb 6, 2022.
             Slain by an endoplasm (2 damage)
             ... on level 1 of the Dungeon.
             The game lasted 00:09:48 (404 turns).

Spectrina the Gusty (Felid Air Elementalist)         Turns: 404, Time: 00:09:48

Health: -1/11      AC:  1    Str:  4    XL:     2   Next: 79%
Magic:  6/6        EV: 17    Int: 16    God:
Gold:   23         SH:  0    Dex: 16    Spells: 0/5 levels left
                                        Lives:  0   Deaths: 0

rFire   . . .      SeeInvis +   (weapon unavailable)
rCold   . . .      Faith    .   (shield unavailable)
rNeg    . . .      Spirit   .   (armour unavailable)
rPois   .          Reflect  .   (helmet unavailable)
rElec   .          Harm     .   (cloak unavailable)
rCorr   .          Rampage  .   (gloves unavailable)
Will    .....                   (boots unavailable)
Stlth   ++........              (no amulet)
HPRegen 0.03/turn               (no ring)
MPRegen 0.10/turn               (no ring)

@: quick
A: very small, claws 1, fangs 3, see invisible, speed 1, shaggy fur 1, stealthy
paws, no weapons or thrown items, no armour, multi-lived
a: no special abilities


You were on level 1 of the Dungeon.
You visited 1 branch of the dungeon, and saw 2 of its levels.

You collected 23 gold pieces.

Inventory:

Scrolls
 a - a scroll of immolation {unknown}
 b - 4 scrolls of teleportation {unknown}
Potions
 c - a potion of ambrosia {unknown}


   Skills:
 - Level 2.6 Dodging
 - Level 2.6 Stealth
 + Level 2.2 Spellcasting
 - Level 0.8 Conjurations
 * Level 3.5 Air Magic


You couldn't memorise any spells.
You knew the following spells:

 Your Spells              Type           Power      Damage    Failure   Level
a - Shock                 Conj/Air       32%        1d5       9%          1
c - Corpse Rot            Necr/Air       14%        N/A       14%         2
q - Static Discharge      Conj/Air       8%         N/A       12%         2

Your spell library contained the following spells:

 Spells                   Type           Power      Damage    Failure   Level
 Swiftness                Air            13%        N/A       14%         3
 Blink                    Tloc           2%         N/A       30%         2
 Airstrike                Air            6%         N/A       43%         4
 Lesser Beckoning         Tloc           1%         N/A       52%         3
 Dispel Undead            Necr           1%         3d6       90%         4
 Manifold Assault         Tloc           1%         N/A       99%         5
 Death Channel            Necr           0%         N/A       100%        6


Dungeon Overview and Level Annotations

Branches:
Dungeon (2/15)

Altars:


Innate Abilities, Weirdness & Mutations

You have sharp claws.
You have razor-sharp teeth.
You have supernaturally acute eyesight. (SInv)
You cover ground quickly. (Speed+)
You are covered in fur. (AC +1)
Your paws help you pounce on unaware monsters.
You are incapable of wielding weapons or throwing items.
You cannot wear armour.
You gain extra lives every three experience levels.


Message History

There is a stone staircase leading down here.
You climb downwards.
There is a stone staircase leading up here.
Unknown command.
A dart slug comes into view.
A rat comes into view.
You scratch the dart slug but do no damage.
The dart slug misses you. The dart slug launches a dart at you.
The slug dart misses you. The dart slug launches a dart at you.
The slug dart hits you.
* * * LOW HITPOINT WARNING * * *
The dart slug launches a dart at you. The slug dart hits you.
* * * LOW HITPOINT WARNING * * *
Found a stone staircase leading down.
Unknown command.
Found a stone staircase leading up.
There is a stone staircase leading up here.
You climb upwards.
The frilled lizard hisses angrily.
The endoplasm quivers.
The frilled lizard completely misses you.
There is a stone staircase leading down here.
Unknown command.
You scratch the frilled lizard.
The frilled lizard is heavily wounded.
The frilled lizard bites you.
* * * LOW HITPOINT WARNING * * *
You miss the frilled lizard.
The frilled lizard is heavily wounded.
The frilled lizard barely misses you.
You closely miss the frilled lizard.
The frilled lizard is heavily wounded.
The frilled lizard misses you.
The frilled lizard completely misses you.
The endoplasm jiggles.
The endoplasm hits you.
You die...

..# ..# .... ..# .... ..# .....
... .....##### .
.......>.###############
.........#..............
.......Jl#..............
.......@.#..............
#........#..####.#####..
b.#.###........# #.# #.. #
.#.#...#........# #.# #..
##.#..............# #.# #..
...#...(...#......#..####.#####..
...........########..........##..
. #.......## #.......<..##..
#........## #..###.........


You could see an endoplasm and a frilled lizard.

Vanquished Creatures
  A ball python (D:1)
  2 goblins (D:1)
  5 hobgoblins (D:1)
  2 quokkas (D:1)
  3 bats (D:1)
  A frilled lizard (D:1)
  5 kobolds (D:1)
  2 rats (D:1)
21 creatures vanquished.

Notes
Turn   | Place    | Note
-------+----------+-------------------------------------------
     0 | D:1      | Spectrina the Felid Air Elementalist began the quest for
                  | the Orb.
     0 | D:1      | Reached XP level 1. HP: 7/7 MP: 4/4
    71 | D:1      | Reached skill level 3 in Air Magic
   144 | D:1      | Reached XP level 2. HP: 6/11 MP: 4/6
   150 | D:1      | Learned a level 2 spell: Static Discharge
   153 | D:1      | Learned a level 2 spell: Corpse Rot
   404 | D:1      | Slain by an endoplasm

Illustrated notes

Levels and vault maps discovered:
D:1:      dpeg_arrival_boxes_within_box, layout_rooms, minivault_19
D:2:      layout_basic, serial_shops, shop, moated_statue

Skill      XL: |  1 |
---------------+----+-----
Air Magic      | 3 |  3.5
Dodging        | |  2.6
Stealth        | |  2.6
Spellcasting   | |  2.2
Conjurations   | |  0.8

Action                   || total
-------------------------++-------
Melee: Unarmed           ||    37
       Bite              ||     4
 Cast: Shock             ||    16
       Static Discharge  ||     1
 Stab: Sleeping          ||     2
Dodge: Dodged            ||    28
